 Dungeon Crawl Stone Soup version 0.30.0-17-ge0270778cf (webtiles) character file.

Game seed: 5938674048945169793

1612 boopmooplesden the Cleaver (level 8, 0/68 (70) HPs)
             Began as a Minotaur Fighter on May 21, 2023.
             Was a Believer of Trog.
             Slain by a hound (2 damage)
             ... on level 6 of the Dungeon.
             The game lasted 00:05:07 (4408 turns).

boopmooplesden the Cleaver (Minotaur Fighter)       Turns: 4408, Time: 00:05:07

HP:   0/68 (70)     AC:  8    Str: 22    XL:     8   Next: 63%
MP:   7/7           EV: 10    Int:  5    God:    Trog [**....]
Gold: 219           SH:  8    Dex: 11    Spells: 7/7 levels left

rFire   . . .        a - +0 war axe
rCold   . . .        c - +3 buckler
rNeg    . . .        b - +0 scale mail
rPois   .            (helmet restricted)
rElec   .            (no cloak)
rCorr   .            (no gloves)
SInv    .            (no boots)
Will    .....        (no amulet) Stlth
                     (no ring)
HPRegen 0.31/turn    (no ring)
MPRegen 0.10/turn

%: no passive effects
@: weak-willed, on berserk cooldown, slowed, lightly drained, very slow
A: horns 2, retaliatory headbutt
a: Renounce Religion, Berserk, Trog's Hand


You were on level 6 of the Dungeon.
You worshipped Trog.
Trog was pleased with you.
You visited 1 branch of the dungeon, and saw 6 of its levels.

You collected 219 gold pieces.

Inventory:

Hand Weapons
 a - a +0 war axe (weapon)
Missiles
 t - 2 throwing nets (quivered)
Armour
 b - a +0 scale mail (worn)
 c - a +3 buckler (worn)
Wands
 i - a wand of charming (6)
 v - a wand of flame (23)
 A - a wand of iceblast (13)
Scrolls
 f - 13 scrolls of identify
 g - a scroll of fear {unknown}
 n - a scroll of teleportation
 q - 2 scrolls of fog {unknown}
Potions
 d - 2 potions of might
 e - a potion of heal wounds {unknown}
 h - 2 potions of flight {unknown}
 j - 4 potions of curing
 k - a potion of invisibility {unknown}
 l - a potion of berserk rage {unknown}
 m - a potion of brilliance {unknown}
 o - a potion of lignification {unknown}
 p - 3 potions of attraction {unknown}
 s - a potion of degeneration {unknown}
 u - a potion of ambrosia {unknown}
 x - a potion of mutation {unknown}


   Skills:
 + Level 6.0 Fighting
 + Level 8.7 Axes
 + Level 7.9 Armour
 + Level 3.0 Dodging
 + Level 0.7 Stealth
 + Level 5.1 Shields


You had 7 spell levels left.
You didn't know any spells.
Your spell library was empty.

Dungeon Overview and Level Annotations

Branches:
Dungeon (6/15)
 Temple: D:4-7

Altars:
Ashenzari
Hepliaklqana
Okawaru
Trog
Xom
Yredelemnul


Innate Abilities, Weirdness & Mutations

You have a pair of horns on your head.
You reflexively headbutt those who attack you in melee.


Message History

Your +1 buckler glows green for a moment.
The iguana hisses angrily.
As you read the scroll of enchant armour, it crumbles to dust.
Your +2 buckler glows green for a moment.
A wight comes into view. It is wielding a +1 great sword.
The iguana closely misses you.
You slash the iguana!
The iguana is heavily wounded.
The iguana bites you.
* * * LOW HITPOINT WARNING * * *
A wight comes into view. It is wielding a +1 mace of draining.
The iguana bites you.
* * * LOW HITPOINT WARNING * * *
The iguana attacks as you move away!
The iguana bites you but does no damage.
You block the iguana's attack. The iguana attacks as you move away!
The iguana barely misses you.
Found a stone staircase leading down.
A black bear comes into view.
A hound comes into view.
The iguana attacks as you move away! The iguana closely misses you.
You furiously retaliate!
You headbutt the iguana.
The black bear growls angrily.
The hound barks!
A wight comes into view. It is wielding a +0 great sword.
The iguana bites you!
* * * LOW HITPOINT WARNING * * *
You feel better. The hound bites you but does no damage.
The hound closely misses you. You furiously retaliate!
You headbutt the hound!
A wight comes into view. It is wielding a +5 dagger of freezing.
The iguana bites you but does no damage.
You feel better. You block the hound's attack. The iguana closely misses you.
You furiously retaliate!
You headbutt the iguana!
You kill the iguana!
Trog accepts your kill. The hound bites you but does no damage.
The wight hits you with a +1 great sword!
* * * LOW HITPOINT WARNING * * *
You feel drained.
* * * LOW HITPOINT WARNING * * *
The hound bites you.
You die...

#.. #..#...#.#
#..## ####.##......
#....##..#.###...(.
#....#....## .###$.
#.......#...# #.
#..)........#
##.....##..... #
##.†...## ##..#
>..####.@##..# #.#
#.....zh##.(..# ..
#..##..z##....# #
#>.##.....#
#h##........
#z..##.......
..z...# ..........
#...#..##.#..


You could see a black bear, a hound and 4 wights.

Vanquished Creatures
  Menkaure (D:4)
  Duvessa (D:5)
  A water moccasin (D:5)
  An ice beast (D:6)
  An ogre (D:6)
  A centaur (D:6)
  3 phantoms
  2 scorpions
  Dowan (D:5)
  3 hounds
  A jelly (D:5)
  5 iguanas
  6 orc wizards
  7 gnolls
  8 adders
  A shadow imp (D:5)
  A white imp (D:5)
  An ufetubus (D:6)
  A worm (D:3)
  4 dart slugs
  14 orcs
  5 bats
  5 endoplasms
  4 giant cockroaches
  8 goblins
  8 hobgoblins
  2 jackals (D:3)
  7 kobolds
  5 quokkas
  11 ball pythons
  2 frilled lizards
121 creatures vanquished.

Notes
Turn   | Place    | Note
-------+----------+-------------------------------------------
     0 | D:1      | boopmooplesden the Minotaur Fighter began the quest for the
                  | Orb.
     0 | D:1      | Reached XP level 1. HP: 19/19 MP: 0/0
   130 | D:1      | Reached XP level 2. HP: 22/26 MP: 1/1
   264 | D:1      | Reached XP level 3. HP: 33/33 MP: 2/2
  1294 | D:3      | Reached skill level 3 in Axes
  1294 | D:3      | Reached skill level 1 in Dodging
  1294 | D:3      | Reached XP level 4. HP: 26/40 MP: 3/3
  1400 | D:3      | Reached XP level 5. HP: 28/46 MP: 4/4
  1467 | D:3      | Found a hazy altar of Hepliaklqana.
  1469 | D:3      | Found an iron altar of Okawaru.
  1470 | D:3      | Found a broken altar of Ashenzari.
  1470 | D:3      | Found a shimmering altar of Xom.
  1471 | D:3      | Found a bloodstained altar of Trog.
  1472 | D:3      | Found a basalt altar of Yredelemnul.
  1481 | D:3      | Became a worshipper of Trog the Wrathful
  1592 | D:3      | Reached skill level 4 in Axes
  1592 | D:3      | Reached skill level 5 in Armour
  2365 | D:4      | Reached * piety under Trog
  2489 | D:4      | Reached XP level 6. HP: 21/53 MP: 5/5
  2937 | D:4      | Noticed Menkaure
  2944 | D:4      | Killed Menkaure
  2945 | D:4      | Reached skill level 5 in Axes
  3245 | D:5      | Entered Level 5 of the Dungeon
  3274 | D:5      | Noticed Duvessa
  3275 | D:5      | Noticed Dowan
  3282 | D:5      | Killed Duvessa
  3283 | D:5      | Reached XP level 7. HP: 58/60 MP: 6/6
  3283 | D:5      | Killed Dowan
  3284 | D:5      | Reached skill level 6 in Axes
  3530 | D:5      | Reached skill level 5 in Fighting
  3663 | D:5      | Reached skill level 7 in Axes
  3817 | D:5      | Reached XP level 8. HP: 69/69 MP: 7/7
  4128 | D:6      | Reached ** piety under Trog
  4139 | D:6      | Reached skill level 8 in Axes
  4139 | D:6      | Reached skill level 5 in Shields
  4405 | D:6      | HP: 2/70 [iguana (11)]
  4408 | D:6      | Slain by a hound

Illustrated notes

Levels and vault maps discovered:
D:1:      dpeg_arrival_long_road, layout_basic, minmay_shallow_snake_nest
D:2:      layout_basic, minivault_11
D:3:      layout_basic, grunt_temple_overflow_open, serial_bayou_pond_d,
          minmay_quadrilaterals
D:4:      layout_gridville, kennysheep_generic_room_10, uniq_menkaure
D:5:      layout_basic, minmay_diced_spiral, uniq_duvessa
D:6:      layout_cave_pools, minmay_temple_entry_mini_moons, grunt_ministairs_1,
          wad_woods_river_04, serial_park_tiny_1, uniq_crazy_yiuf_cottage

Skill      XL: |  1  2  3  4  5  6  7  8 |
---------------+-------------------------+-----
Armour         | 4 5 6 7 |  7.9
Shields        | 4 5 |  5.1
Fighting       | 4 5 6 |  6.0
Axes           | 3 4 5 7 8 |  8.7
Dodging        | 1 2 3 |  3.0
Stealth        | |  0.7

Action                     |  1- 3 |  4- 6 |  7- 9 || total
---------------------------+-------+-------+-------++-------
  Melee: War axe           |    62 |   114 |    81 ||   257
         Headbutt          |     7 |    12 |    16 ||    35
 Invoke: Berserk           |       |     3 |     3 ||     6
    Use: Scroll            |     6 |       |     6 ||    12
         Potion            |       |       |     3 ||     3
 Armour: Scale mail        |    45 |    61 |    39 ||   145
  Dodge: Dodged            |    31 |    70 |    58 ||   159
  Block: Buckler           |    20 |    24 |    25 ||    69
